 Dungeon Crawl Stone Soup version 0.28.0 (webtiles) character file.

Game seed: 7355698323477056284

9544 tilp the Impaler (level 11, -6/87 HPs)
             Began as a Merfolk Gladiator on Feb 15, 2022.
             Was a Believer of Ashenzari.
             Mangled by a fire elemental (9 damage)
             ... summoned by a deep elf pyromancer
             ... on level 11 of the Dungeon.
             The game lasted 00:20:04 (16918 turns).

tilp the Impaler (Merfolk Gladiator)               Turns: 16918, Time: 00:20:05

Health: -6/87      AC: 13    Str: 18    XL:     11   Next: 48%
Magic:  11/11      EV:  7    Int:  7    God:    Ashenzari [**....]
Gold:   503        SH:  0    Dex: 17    Spells: 10/10 levels left

rFire   . . .      SeeInvis +   b - +0 halberd "Chained Hedonism" {Alch, Self} (curse)
rCold   . . .      Faith    .   (shield currently unavailable)
rNeg    . . .      Spirit   .   c - +0 plate armour of Curses and Power {Self, Comp} (curse)
rPois   .          Reflect  .   s - +0 helmet
rElec   .          Harm     .   A - +0 cloak
rCorr   .          Rampage  .   (no gloves)
Will    .....                   (no boots)
Stlth   ..........              (no amulet)
HPRegen 0.24/turn               (no ring)
MPRegen 0.12/turn               (no ring)

@: no status effects
A: (nimble swimmer 2), mertail
a: Renounce Religion, Curse Item, Shatter the Chains


You were on level 11 of the Dungeon.
You worshipped Ashenzari.
Ashenzari was pleased with you.
You visited 2 branches of the dungeon, and saw 12 of its levels.
You also visited: Bailey.

You collected 503 gold pieces.

Inventory:

Hand Weapons
 a - a +1 trident
 b - the cursed +0 halberd "Chained Hedonism" (weapon) {Alch, Self}
   (You found it on level 5 of the Dungeon)

   It has a curse which improves the following skills: Alchemy: Poison Magic and
   Transmutations.
   Introspection: Fighting and Spellcasting.
 l - a +2 bardiche of freezing
Missiles
 d - 6 throwing nets
 m - 30 poisoned darts (quivered)
 C - 18 boomerangs
 G - 2 curare-tipped darts
Armour
 c - the cursed +0 plate armour of Curses and Power (worn) {Self, Comp}
   (You took it off an orc warrior on level 4 of the Dungeon)

   It has a curse which improves the following skills: Introspection: Fighting
   and Spellcasting.
   Companions: Summonings and Necromancy.
 o - a +0 scale mail
 r - a scarf of invisibility
 s - a +0 helmet (worn)
 A - a +0 cloak (worn)
Magical Staves
 y - a staff of air
Jewellery
 t - a ring of wizardry
 H - a ring of protection from fire
Wands
 e - a wand of mindburst (2)
 q - a wand of flame (10)
 u - a wand of charming (4)
 w - a wand of iceblast (14)
Scrolls
 f - 4 scrolls of immolation
 k - 3 scrolls of vulnerability
 v - a scroll of fear
 x - a scroll of silence
 z - a scroll of magic mapping
 B - a scroll of enchant armour
 D - a scroll of fog
Potions
 h - a potion of brilliance
 i - 3 potions of might
 j - 2 potions of invisibility
 n - a potion of cancellation
 p - 2 potions of lignification
 I - a potion of haste


   Skills:
 - Level 6.4(8.4) Fighting
 + Level 19.7 Polearms
 - Level 6.0 Throwing
 - Level 2.0 Armour
 - Level 6.0 Dodging
 - Level 4.0 Stealth
 - Level 4.0 Evocations


You had 10 spell levels left.
You didn't know any spells.
Your spell library contained the following spells:

 Spells                   Type           Power      Damage    Failure   Level
 Animate Skeleton         Necr           0%         N/A       100%        1
 Apportation              Tloc           0%         N/A       100%        1
 Sandblast                Erth           0%         2d4       100%        1
 Summon Small Mammal      Summ           0%         N/A       100%        1
 Passwall                 Tmut/Erth      0%         N/A       100%        2
 Dazzling Flash           Conj/Hex       0%         N/A       100%        3
 Ignite Poison            Fire/Tmut/Pois 0%         N/A       100%        3
 Mephitic Cloud           Conj/Pois/Air  0%         N/A       100%        3
 Stone Arrow              Conj/Erth      0%         3d7       100%        3
 Iskenderun's Mystic Bla  Conj/Tloc      0%         2d3       100%        4
 Blade Hands              Tmut           0%         N/A       100%        5
 Freezing Cloud           Conj/Ice/Air   0%         6-21      100%        5
 Irradiate                Conj/Tmut      0%         3d13      100%        5
 Starburst                Conj/Fire      0%         6d3       100%        6
 Dragon Form              Tmut           0%         N/A       100%        7


Dungeon Overview and Level Annotations

Branches:
Dungeon (11/15)            Temple (1/1) D:5            Lair (0/6) D:10
    Orc (0/2) D:10         Bailey (visited)

Altars:
Ashenzari
Cheibriados
Dithmenos
Elyvilon
Fedhas
Gozag
Hepliaklqana
Kikubaaqudgha
Makhleb
Nemelex Xobeh
Okawaru
Qazlal
Ru
Sif Muna
Trog
Uskayaw
Vehumet
Wu Jian
Xom
Yredelemnul
Zin
The Shining One

Shops:
D:2 =   D:3 :

Annotations:
D:7 2 transporters, exclusion: ice statue, Steelback's ghost, novice DrCj


Innate Abilities, Weirdness & Mutations

((You are very nimble when in or above water. (Stealth+, EV+, Speed+++)))
Your lower body shifts to a powerful aquatic tail in water.


Message History

Your surroundings suddenly seem different.
The troll shouts!
Aiming: Mindburst
Press: ? - help, Shift-Dir - straight line, f - troll
Aim: a troll (chance to affect: 79%)
The troll's mind is blasted!
Unknown command.
Aiming: Mindburst
Press: ? - help, Shift-Dir - straight line, f/p - troll
Aim: a troll (moderately wounded, chance to affect: 79%)
The troll barely resists.
Unknown command.
Aiming: Mindburst
Press: ? - help, Shift-Dir - straight line, f/p - troll
Aim: a troll (moderately wounded, chance to affect: 79%)
The troll's mind is blasted!
Unknown command.
Aiming: Mindburst
Press: ? - help, Shift-Dir - straight line, f/p - troll
Aim: a troll (severely wounded, chance to affect: 79%)
The troll's mind is blasted!!
You blow up the troll!
The +0 troll leather armour is intact enough to wear.
Unknown command.
Found 24 stones.
The deep elf pyromancer shouts!
The deep elf pyromancer gestures wildly while chanting.
The deep elf pyromancer casts a spell at you.
The bolt of fire hits you!
* * * LOW HITPOINT WARNING * * *
Unknown command.
As you read the scroll of fear, it crumbles to dust.
You assume a fearsome visage.
The fire elemental is unaffected.
The deep elf pyromancer looks frightened!
The deep elf pyromancer gestures wildly while chanting.
The deep elf pyromancer blinks!
The deep elf pyromancer casts a spell.
The deep elf pyromancer blinks!
The fire elemental hits you. The fire elemental burns you!
You die...

, ####.......#..#.# , *
###(............#.##
#.............#..#T####
#.#.#...........###....
##......#####.....#.##..
##.......# ##.#.#.###.#
#........# #.#.......#
.........# # #######.# *
#.......@# , #.. *
##[....E.# ###
......°#.## ** * # ,
......§.○., , , # ,
.#####...##* ** * # ,* *
#..e.# # * * #...<# ###
* # * #....# ###...###
#####.†.## ##.#.#....


You could see a deep elf pyromancer (fleeing) and a fire elemental (summoned).

Vanquished Creatures
  A boulder beetle (D:8)
  A two-headed ogre (D:9)
  An orc high priest (Bailey)
  An orc knight (Bailey)
  An orc sorcerer (Bailey)
  2 trolls
  A hornet (D:11)
  A meliai zombie (D:10)
  A shadow (D:10)
  A basilisk (D:11)
  2 wraiths (D:10)
  A water moccasin (D:8)
  11 orc warriors
  3 black bears
  An ice beast (D:5)
  2 sky beasts
  3 necrophages
  A centaur (D:8)
  2 phantoms
  3 kobold brigands
  A bullfrog (D:6)
  2 scorpions (D:5)
  2 gnoll sergeants
  A wyvern zombie (D:7)
  A wyvern skeleton (D:7)
  9 killer bees
  2 wights (D:10)
  6 electric eels (Bailey)
  3 howler monkeys
  6 centaur zombies
  A human zombie (D:10)
  A jelly (D:3)
  2 centaur skeletons
  A gnoll shaman (D:8)
  4 hounds
  3 orc priests
  Jessica (D:2)
  Terence (D:2)
  An iguana (D:7)
  3 orc wizards
  A killer bee zombie (D:5)
  2 mummies (D:10)
  A howler monkey zombie (D:10)
  Robin (D:3)
  A howler monkey skeleton (D:7)
  13 gnolls
  4 adders
  2 white imps (D:6)
  An ufetubus (D:5)
  A worm (D:2)
  2 dart slugs
  24 orcs
  5 ball pythons
  9 endoplasms
  4 giant cockroaches
  27 goblins
  15 hobgoblins
  A jackal (D:2)
  2 quokkas
  2 bats (D:2)
  A frilled lizard (D:3)
  22 kobolds
  2 rats
234 creatures vanquished.

Vanquished Creatures (others)
  An orc wizard (D:9)
1 creature vanquished.

Grand Total: 235 creatures vanquished

Notes
Turn   | Place    | Note
-------+----------+-------------------------------------------
     0 | D:1      | tilp the Merfolk Gladiator began the quest for the Orb.
     0 | D:1      | Reached XP level 1. HP: 16/16 MP: 1/1
    55 | D:1      | You fall into a shaft and drop 1 floor!
   322 | D:1      | Reached XP level 2. HP: 23/23 MP: 2/2
   406 | D:1      | Found a faded altar of an unknown god.
   406 | D:1      | Noticed a golden eye
   409 | D:1      | Noticed a shining eye
   409 | D:1      | Noticed a shining eye
   409 | D:1      | Noticed an eye of devastation
   505 | D:1      | Reached skill level 5 in Polearms
   805 | D:2      | Found an opulent altar of Gozag.
   887 | D:2      | Reached XP level 3. HP: 25/29 MP: 3/3
  1078 | D:2      | Noticed Jessica
  1082 | D:2      | Killed Jessica
  1083 | D:2      | Reached XP level 4. HP: 34/36 MP: 4/4
  1194 | D:2      | Found Likou's Jewellery Boutique.
  1202 | D:2      | Noticed Terence
  1214 | D:2      | Killed Terence
  1215 | D:2      | Reached skill level 6 in Polearms
  1750 | D:3      | Found Opterch's Book Shop.
  1813 | D:3      | Noticed Robin
  1823 | D:3      | Killed Robin
  1824 | D:3      | Reached XP level 5. HP: 36/42 MP: 5/5
  2181 | D:3      | Reached skill level 7 in Polearms
  2585 | D:3      | Reached skill level 8 in Polearms
  2594 | D:3      | Reached XP level 6. HP: 14/48 MP: 6/6
  3497 | D:4      | Noticed an orc warrior
  3571 | D:4      | Killed an orc warrior
  3572 | D:4      | Reached skill level 1 in Stealth
  3572 | D:4      | Reached skill level 1 in Evocations
  3834 | D:4      | Found an ancient bone altar of Kikubaaqudgha.
  3865 | D:4      | Found a hide-covered altar of Uskayaw.
  3926 | D:4      | Found an iron altar of Okawaru.
  4092 | D:4      | Found a shimmering altar of Xom.
  4387 | D:4      | Identified the +5 flail of the End of Times {vamp, SInv}
  4567 | D:5      | Entered Level 5 of the Dungeon
  4611 | D:5      | Reached XP level 7. HP: 19/55 MP: 7/7
  4944 | D:5      | Reached skill level 9 in Polearms
  5059 | D:5      | Found a staircase to the Ecumenical Temple.
  5078 | Temple   | Entered the Ecumenical Temple
  5334 | Temple   | Became a worshipper of Ashenzari the Shackled
  5546 | D:5      | Reached skill level 5 in Fighting
  5765 | D:5      | Reached skill level 10 in Polearms
  6036 | D:6      | Reached XP level 8. HP: 43/62 MP: 8/8
  6178 | D:6      | Found an opulent altar of Gozag.
  6469 | D:6      | Reached * piety under Ashenzari
  7183 | D:7      | Reached skill level 1 in Armour
  7233 | D:7      | Found a flagged portal.
  7378 | Bailey   | Entered a bailey
  7424 | Bailey   | Reached skill level 11 in Polearms
  7424 | Bailey   | Reached skill level 5 in Dodging
  7492 | Bailey   | Reached XP level 9. HP: 57/71 MP: 9/9
  7906 | Bailey   | Noticed an orc knight
  8445 | Bailey   | Identified a scroll of acquirement
  8449 | Bailey   | Acquired a +1 bardiche of freezing
  8971 | Bailey   | Reached skill level 12 in Polearms
  9477 | Bailey   | Noticed an orc knight
  9482 | Bailey   | Noticed an orc high priest
  9485 | Bailey   | Noticed an orc sorcerer
  9498 | Bailey   | Killed an orc high priest
  9499 | Bailey   | Reached skill level 13 in Polearms
  9499 | Bailey   | Reached skill level 5 in Throwing
  9500 | Bailey   | Noticed a hellwing
 10057 | Bailey   | Killed an orc knight
 10058 | Bailey   | Reached skill level 14 in Polearms
 10058 | Bailey   | Reached XP level 10. HP: 77/77 MP: 10/10
 10074 | Bailey   | Killed an orc sorcerer
 10667 | Bailey   | Found an iron altar of Okawaru.
 10964 | D:7      | Noticed a moth of wrath
 10972 | D:7      | Found a transporter.
 10982 | D:7      | Reached ** piety under Ashenzari
 11477 | D:7      | Found a transporter.
 11505 | D:7      | Noticed Steelback's ghost (novice DrCj)
 11613 | D:7      | Noticed an ice statue
 11707 | D:8      | Reached skill level 15 in Polearms
 12054 | D:8      | Noticed a boulder beetle
 12084 | D:8      | HP: 3/82 [boulder beetle (16)]
 12447 | D:8      | Killed a boulder beetle
 12448 | D:8      | Reached skill level 16 in Polearms
 12765 | D:8      | Found a shimmering blue altar of Sif Muna.
 12995 | D:9      | Noticed a two-headed ogre
 13012 | D:9      | Killed a two-headed ogre
 13019 | D:9      | Reached skill level 17 in Polearms
 13036 | D:9      | HP: 4/82 [poisoned by a killer bee]
 13039 | D:9      | HP: 1/82 [poisoned by a killer bee]
 13603 | D:9      | Found a bloodstained altar of Trog.
 13742 | D:9      | Reached XP level 11. HP: 87/87 MP: 11/11
 14172 | D:9      | Found a burning altar of Makhleb.
 14486 | D:10     | Entered Level 10 of the Dungeon
 14582 | D:10     | Reached skill level 18 in Polearms
 14915 | D:10     | Found a staircase to the Orcish Mines.
 14931 | D:10     | Found a staircase to the Lair.
 15556 | D:10     | Found a basalt altar of Yredelemnul.
 15625 | D:10     | Reached skill level 19 in Polearms
 15887 | D:11     | Paralysed by a hornet for 3 turns
 16798 | D:11     | Noticed a deep elf pyromancer
 16835 | D:11     | Identified the +5 flail "Killer Bee's Doom" {venom, rElec
                  | Str+3}
 16857 | D:11     | HP: 3/87 [vampire/stone (9)]
 16915 | D:11     | HP: 2/87 [deep elf pyromancer/bolt of fire (16)]
 16918 | D:11     | Mangled by a fire elemental

Illustrated notes

Levels and vault maps discovered:
D:1:      roderic_dead_forest, layout_rooms,
          hellmonk_ecumenical_altar_watching_god, lemuel_old_faithful
D:2:      layout_basic, serial_shops, nicolae_shop_advertising_works
          [nicolae_subvault_shop_adworks], basic_altar, uniq_jessica,
          uniq_terence
D:3:      layout_basic, serial_shops, shop, st_stairs_14, uniq_robin
D:4:      layout_basic, old_standard_altar, mainiacjoe_overflow_large_starburst,
          kennysheep_okawaru_gauntlet
D:5:      layout_basic, minmay_temple_entry_gardened_gates
D:6:      layout_loops_ring, nicolae_gozag_seed_capital
D:7:      lemuel_ice_statue, layout_rooms, gammafunk_ghost_berserking_beasts,
          enter_bailey_3
D:8:      layout_rooms, nicolae_sif_muna_condensation
D:9:      layout_basic, lemuel_round_altar, trog_ov_bears_minmay
D:10:     layout_loops_corners, lemuel_mausoleum_altar_yredelemnul,
          dpeg_oklobed_lair, orc_0_dummy, minivault_1
D:11:     layout_loops_ring, ebering_dispersal_statue_hall, uniq_nergalle
Temple:   oiseaux_autumnal_temple

Skill      XL: |  1  2  3  4  5  6  7  8  9 10 11 |
---------------+----------------------------------+-----
Polearms       | 5 6 8 10 11 14 17 19 | 19.7
Fighting       | 3 4 5 6 |  6.4
Stealth        | 1 3 4 |  4.0
Evocations     | 1 2 4 |  4.0
Armour         | 1 2 |  2.0
Dodging        | 5 6 |  6.0
Throwing       | 3 6 |  6.0

Action                   |  1- 3 |  4- 6 |  7- 9 | 10-12 || total
-------------------------+-------+-------+-------+-------++-------
Melee: Trident           |    69 |   206 |    49 |       ||   324
       Punch             |       |     3 |       |       ||     3
       Halberd           |       |       |   288 |   441 ||   729
       Tailslap          |       |       |     8 |       ||     8
Throw: Dart              |       |     2 |       |       ||     2
       Throwing net      |       |     1 |       |       ||     1
Invok: Curse Item        |       |       |     1 |     1 ||     2
Evoke: Wand              |       |       |    12 |    16 ||    28
  Use: Scroll            |     4 |     4 |     2 |     4 ||    14
       Potion            |       |       |       |     5 ||     5
 Stab: Sleeping          |     4 |       |       |       ||     4
       Held in net/web   |       |     1 |       |       ||     1
       Paralysed         |       |       |     9 |       ||     9
Armor: Leather armour    |    10 |     1 |       |       ||    11
       Scale mail        |       |    43 |       |       ||    43
       Plate armour      |       |    34 |   131 |   222 ||   387
Dodge: Dodged            |    37 |    87 |    62 |   151 ||   337
